| TOP OF THE 1ST |
|
Montgomery Biscuits batting - Pitching for Corpus Christi Hooks : RHP Bill Garcia
|
|
Pitching: RHP Bill Garcia
|
|
|
Batting: LHB Davion Lewis
|
0-0: Ball 1-0: SINGLE (Flyball, 3D, EV 90.6 MPH)
|
|
Batting: LHB David Seminario
|
0-0: Foul Ball, location: 2F 0-1: Ball 1-1: Foul Ball, location: 2F 1-2: Strikes out swinging
|
|
Batting: SHB Brett McEwen
|
0-0: Called Strike Davion Lewis is caught stealing 2nd base 2-6 0-1: Ground out U3 (Groundball, 3, EV 81.2 MPH)
|
| Top of the 1st over - 0 runs, 1 hit, 0 errors, 0 left on base; Montgomery 0 - Corpus Christi 0 |
| BOTTOM OF THE 1ST |
|
Corpus Christi Hooks batting - Pitching for Montgomery Biscuits : RHP Steve DiDomenico
|
|
Pitching: RHP Steve DiDomenico
|
|
|
Batting: RHB Antonio Gamez
|
0-0: Called Strike 0-1: Ball 1-1: SOLO HOME RUN (Flyball, 78XD, EV 102.5 MPH), Distance : 398 ft
|
|
Batting: LHB Dylan LaRose
|
0-0: Swinging Strike 0-1: Swinging Strike 0-2: Strikes out looking
|
|
Batting: RHB Pete Isley
|
0-0: Ground out 6-3 (Groundball, 6, EV 86.2 MPH)
|
|
Batting: LHB Alexis Montoya
|
0-0: Foul Ball, location: 2F 0-1: Called Strike 0-2: Ball 1-2: Ball 2-2: Ball 3-2: Fly out, F5 (Popup, 56S, EV 88.8 MPH)
|
| Bottom of the 1st over - 1 run, 1 hit, 0 errors, 0 left on base; Montgomery 0 - Corpus Christi 1 |
| TOP OF THE 2ND |
|
Montgomery Biscuits batting - Pitching for Corpus Christi Hooks : RHP Bill Garcia
|
|
Batting: SHB Willie Koviak
|
0-0: Called Strike 0-1: Ball 1-1: Fly out, F9 (Line Drive, 9, EV 93.8 MPH)
|
|
Batting: LHB Barnabé Metrass
|
0-0: Ball 1-0: Foul Ball, location: 2F 1-1: Swinging Strike 1-2: Ball 2-2: Strikes out looking
|
|
Batting: RHB Sczlopy Hed
|
0-0: Ball 1-0: Ball 2-0: Ball 3-0: Called Strike 3-1: Base on Balls
|
|
Batting: RHB Devin Brown
|
0-0: Called Strike 0-1: Foul Ball, location: 2F 0-2: Foul Ball, location: 2F 0-2: Ball Sczlopy Hed steals 2nd base 1-2: Strikes out swinging
|
| Top of the 2nd over - 0 runs, 0 hits, 0 errors, 1 left on base; Montgomery 0 - Corpus Christi 1 |
| BOTTOM OF THE 2ND |
|
Corpus Christi Hooks batting - Pitching for Montgomery Biscuits : RHP Steve DiDomenico
|
|
Batting: RHB Jim Huff
|
0-0: Called Strike 0-1: Ball 1-1: Ball 2-1: Foul Ball, location: 2F 2-2: Foul Ball, location: 2F 2-2: Ball 3-2: SINGLE (Groundball, 34D, EV 110.6 MPH)
|
|
Batting: SHB Malik Whitted
|
0-0: Foul Ball, location: 2F 0-1: Ball Wild Pitch! Jim Huff to second 1-1: Foul Ball, location: 2F 1-2: Strikes out swinging
|
|
Batting: RHB Jamie Jennings
|
0-0: Fly out, F3 (Popup, 3F, EV 65.0 MPH)
|
|
Batting: RHB Chris McGrath
|
0-0: Called Strike 0-1: Ball 1-1: Ball 2-1: Ground out 6-3 (Groundball, 6, EV 81.9 MPH)
|
| Bottom of the 2nd over - 0 runs, 1 hit, 0 errors, 1 left on base; Montgomery 0 - Corpus Christi 1 |
| TOP OF THE 3RD |
|
Montgomery Biscuits batting - Pitching for Corpus Christi Hooks : RHP Bill Garcia
|
|
Batting: RHB Kevin Kush
|
0-0: Called Strike 0-1: Swinging Strike 0-2: Strikes out swinging
|
|
Batting: RHB Alfredo Moreno
|
0-0: Called Strike 0-1: Ball 1-1: Foul Ball, location: 2F 1-2: Ball 2-2: Strikes out swinging
|
|
Batting: LHB Davion Lewis
|
0-0: Ball 1-0: Swinging Strike 1-1: Swinging Strike 1-2: Strikes out looking
|
| Top of the 3rd over - 0 runs, 0 hits, 0 errors, 0 left on base; Montgomery 0 - Corpus Christi 1 |
| BOTTOM OF THE 3RD |
|
Corpus Christi Hooks batting - Pitching for Montgomery Biscuits : RHP Steve DiDomenico
|
|
Batting: SHB Salvador Gomez
|
0-0: Swinging Strike 0-1: Ball 1-1: Ball 2-1: Ground out 5-3 (Groundball, 5, EV 88.1 MPH)
|
|
Batting: RHB Antonio Gamez
|
0-0: Ball 1-0: Ball 2-0: Foul Ball, location: 2F 2-1: Ball 3-1: Foul Ball, location: 2F 3-2: Foul Ball, location: 2F 3-2: Ground out 4-3 (Groundball, 4, EV 108.1 MPH)
|
|
Batting: LHB Dylan LaRose
|
0-0: Ball 1-0: Foul Ball, location: 2F 1-1: Called Strike 1-2: Ground out 5-3 (Groundball, 56, EV 104.4 MPH)
|
| Bottom of the 3rd over - 0 runs, 0 hits, 0 errors, 0 left on base; Montgomery 0 - Corpus Christi 1 |
| TOP OF THE 4TH |
|
Montgomery Biscuits batting - Pitching for Corpus Christi Hooks : RHP Bill Garcia
|
|
Batting: LHB David Seminario
|
0-0: Ball 1-0: Called Strike 1-1: Foul Ball, location: 2F 1-2: Ground out 4-3 (Groundball, 34D, EV 83.8 MPH)
|
|
Batting: SHB Brett McEwen
|
0-0: Ball 1-0: Called Strike 1-1: SINGLE (Groundball, 4MD, EV 104.4 MPH)
|
|
Batting: SHB Willie Koviak
|
0-0: Called Strike 0-1: Ball 1-1: Swinging Strike 1-2: Foul Ball, location: 2F 1-2: Foul Ball, location: 2F 1-2: Fielders Choice at 2nd, 6-4 (Groundball, 6, EV 110.0 MPH)
|
|
Batting: LHB Barnabé Metrass
|
0-0: Ball 1-0: Called Strike 1-1: 2-RUN HOME RUN (Flyball, 7LD, EV 95.6 MPH), Distance : 355 ft
|
|
Batting: RHB Sczlopy Hed
|
0-0: Ball 1-0: SINGLE (Groundball, P, EV 88.1 MPH) (infield hit)
|
|
Batting: RHB Devin Brown
|
0-0: Foul Ball, location: 2F 0-1: Ground out 6-3 (Groundball, 6S, EV 71.2 MPH)
|
| Top of the 4th over - 2 runs, 3 hits, 0 errors, 1 left on base; Montgomery 2 - Corpus Christi 1 |
| BOTTOM OF THE 4TH |
|
Corpus Christi Hooks batting - Pitching for Montgomery Biscuits : RHP Steve DiDomenico
|
|
Batting: RHB Pete Isley
|
0-0: Called Strike 0-1: Ball 1-1: Foul Ball, location: 2F 1-2: Ball 2-2: Strikes out swinging
|
|
Batting: LHB Alexis Montoya
|
0-0: Ball 1-0: Ball 2-0: Called Strike 2-1: Ground out 5-3 (Groundball, 6, EV 91.2 MPH)
|
|
Batting: RHB Jim Huff
|
0-0: Called Strike 0-1: Called Strike 0-2: Foul Ball, location: 2F 0-2: Ball 1-2: Strikes out swinging
|
| Bottom of the 4th over - 0 runs, 0 hits, 0 errors, 0 left on base; Montgomery 2 - Corpus Christi 1 |
| TOP OF THE 5TH |
|
Montgomery Biscuits batting - Pitching for Corpus Christi Hooks : RHP Bill Garcia
|
|
Batting: RHB Kevin Kush
|
0-0: Ball 1-0: SINGLE (Groundball, 6MD, EV 105.0 MPH)
|
|
Batting: RHB Alfredo Moreno
|
0-0: Ball Wild Pitch! Kevin Kush to second 1-0: Ball 2-0: Called Strike 2-1: Foul Ball, location: 2F 2-2: Foul Ball, location: 2F 2-2: Ground out 6-3 (Groundball, 6, EV 84.4 MPH) Kevin Kush to third
|
|
Batting: LHB Davion Lewis
|
0-0: Called Strike 0-1: Ball 1-1: Foul Ball, location: 2F 1-2: Ball 2-2: SINGLE (Groundball, 56, EV 103.8 MPH) (infield hit) Kevin Kush scores
|
|
Batting: LHB David Seminario
|
0-0: Foul Ball, location: 2F 0-1: Fly out, F7 (Flyball, 7S, EV 93.8 MPH)
|
|
Batting: SHB Brett McEwen
|
0-0: Ball 1-0: Ground out 4-3 (Groundball, 4, EV 83.1 MPH)
|
| Top of the 5th over - 1 run, 2 hits, 0 errors, 1 left on base; Montgomery 3 - Corpus Christi 1 |
| BOTTOM OF THE 5TH |
|
Corpus Christi Hooks batting - Pitching for Montgomery Biscuits : RHP Steve DiDomenico
|
|
Batting: SHB Malik Whitted
|
0-0: Called Strike 0-1: Foul Ball, location: 2F 0-2: Ball 1-2: Foul Ball, location: 2F 1-2: Ball 2-2: Ground out 4-3 (Groundball, 4M, EV 96.2 MPH)
|
|
Batting: RHB Jamie Jennings
|
0-0: Ball 1-0: Called Strike 1-1: Swinging Strike 1-2: Strikes out swinging
|
|
Batting: RHB Chris McGrath
|
0-0: Reached via error on a dropped throw from SS, E3 (Groundball, 56, EV 91.9 MPH)
|
|
Batting: SHB Salvador Gomez
|
0-0: Ball 1-0: Ball 2-0: Ball 3-0: Base on Balls Chris McGrath to second
|
|
Batting: RHB Antonio Gamez
|
0-0: Foul Ball, location: 2F 0-1: Called Strike 0-2: Ball 1-2: DOUBLE (Flyball, 89D, EV 108.1 MPH) Chris McGrath scores Salvador Gomez to third
|
|
Batting: LHB Dylan LaRose
|
0-0: Ball 1-0: Called Strike 1-1: Swinging Strike 1-2: Fly out, F7 (Flyball, 78S, EV 93.1 MPH)
|
| Bottom of the 5th over - 1 run, 1 hit, 1 error, 2 left on base; Montgomery 3 - Corpus Christi 2 |
| TOP OF THE 6TH |
|
Montgomery Biscuits batting - Pitching for Corpus Christi Hooks : RHP Bill Garcia
|
|
Batting: SHB Willie Koviak
|
0-0: Ball 1-0: Ball 2-0: Called Strike 2-1: Foul Ball, location: 2F 2-2: Ground out 1-3 (Groundball, 13, EV 66.2 MPH)
|
|
Batting: LHB Barnabé Metrass
|
0-0: Ball 1-0: Foul Ball, location: 2F 1-1: Called Strike 1-2: Strikes out swinging
|
|
Batting: RHB Sczlopy Hed
|
0-0: Called Strike 0-1: Foul Ball, location: 2F 0-2: Foul Ball, location: 2F 0-2: Ball 1-2: Hit by Pitch
|
|
Batting: RHB Devin Brown
|
0-0: Ball 1-0: Ball Sczlopy Hed steals 2nd base 2-0: Called Strike 2-1: Foul Ball, location: 2F 2-2: Fly out, F9 (Flyball, 9S, EV 77.5 MPH)
|
| Top of the 6th over - 0 runs, 0 hits, 0 errors, 1 left on base; Montgomery 3 - Corpus Christi 2 |
| BOTTOM OF THE 6TH |
|
Corpus Christi Hooks batting - Pitching for Montgomery Biscuits : RHP Steve DiDomenico
|
|
Batting: RHB Pete Isley
|
0-0: Ball 1-0: Ground out 3-1 (Groundball, 34, EV 85.6 MPH)
|
|
Batting: LHB Alexis Montoya
|
0-0: Called Strike 0-1: Swinging Strike 0-2: Ground out 4-3 (Groundball, 34, EV 102.5 MPH)
|
|
Batting: RHB Jim Huff
|
0-0: Ball 1-0: Ball 2-0: Ball 3-0: Foul Ball, location: 2F 3-1: Base on Balls
|
|
Batting: SHB Malik Whitted
|
0-0: Ball 1-0: Fly out, F9 (Flyball, 9, EV 85.0 MPH)
|
| Bottom of the 6th over - 0 runs, 0 hits, 0 errors, 1 left on base; Montgomery 3 - Corpus Christi 2 |
| TOP OF THE 7TH |
|
Montgomery Biscuits batting - Pitching for Corpus Christi Hooks : RHP Bill Garcia
|
|
Pitching: RHP John Zike
|
|
|
Batting: RHB Kevin Kush
|
0-0: Called Strike 0-1: Called Strike 0-2: Ball 1-2: Foul Ball, location: 2F 1-2: Ball 2-2: Strikes out swinging
|
|
Batting: RHB Alfredo Moreno
|
0-0: Called Strike 0-1: Called Strike 0-2: Ball 1-2: SINGLE (Groundball, 56S, EV 70.6 MPH) (infield hit)
|
|
Batting: LHB Davion Lewis
|
0-0: Ball 1-0: Ball 2-0: Fly out, F7 (Flyball, 78D, EV 95.0 MPH)
|
|
Batting: LHB David Seminario
|
0-0: Ball 1-0: Called Strike 1-1: SINGLE (Groundball, 34D, EV 106.2 MPH) Alfredo Moreno to second Throwing error, E9 Alfredo Moreno scores David Seminario to second
|
|
Batting: SHB Brett McEwen
|
0-0: Ball Wild Pitch! David Seminario to third 1-0: Called Strike 1-1: DOUBLE (Line Drive, 89D, EV 108.8 MPH) David Seminario scores
|
|
Batting: SHB Willie Koviak
|
0-0: SINGLE (Line Drive, 5D, EV 98.8 MPH) Brett McEwen to third
|
|
Batting: LHB Barnabé Metrass
|
0-0: Called Strike 0-1: Ball Wild Pitch! Brett McEwen scores Willie Koviak to second 1-1: Ball 2-1: Ground out 4-3 (Groundball, 4, EV 108.1 MPH)
|
| Top of the 7th over - 3 runs, 4 hits, 1 error, 1 left on base; Montgomery 6 - Corpus Christi 2 |
| BOTTOM OF THE 7TH |
|
Corpus Christi Hooks batting - Pitching for Montgomery Biscuits : RHP Steve DiDomenico
|
|
Batting: RHB Jamie Jennings
|
0-0: Ball 1-0: SINGLE (Groundball, 34D, EV 109.4 MPH)
|
|
Batting: RHB Chris McGrath
|
0-0: Called Strike 0-1: Foul Ball, location: 2F 0-2: Ball 1-2: Foul Ball, location: 2F 1-2: Strikes out looking
|
|
Batting: SHB Salvador Gomez
|
0-0: Ball 1-0: Called Strike 1-1: Swinging Strike 1-2: Ball 2-2: Strikes out looking
|
|
Pitching: RHP Joey Morrison
|
|
|
Batting: RHB Antonio Gamez
|
0-0: Fielders Choice at 2nd, 6-4 (Groundball, 6, EV 91.2 MPH)
|
| Bottom of the 7th over - 0 runs, 1 hit, 0 errors, 1 left on base; Montgomery 6 - Corpus Christi 2 |
| TOP OF THE 8TH |
|
Montgomery Biscuits batting - Pitching for Corpus Christi Hooks : RHP John Zike
|
|
Pitching: RHP Joe Rivin
|
|
|
Batting: RHB Sczlopy Hed
|
0-0: Called Strike 0-1: Ball 1-1: Ball 2-1: Ball 3-1: Base on Balls
|
|
Batting: RHB Devin Brown
|
0-0: Swinging Strike 0-1: DOUBLE (Flyball, 8RXD, EV 100.6 MPH) Sczlopy Hed to third
|
|
Batting: RHB Kevin Kush
|
0-0: Ball 1-0: Swinging Strike 1-1: Foul Ball, location: 2F 1-2: Foul Ball, location: 2F 1-2: Strikes out swinging
|
|
Batting: RHB Alfredo Moreno
|
0-0: Ball 1-0: Swinging Strike 1-1: Ball 2-1: Ball 3-1: Base on Balls
|
|
Batting: LHB Davion Lewis
|
0-0: Called Strike 0-1: Ball 1-1: Called Strike 1-2: SINGLE (Line Drive, 8RS, EV 85.6 MPH) Sczlopy Hed scores Devin Brown to third Alfredo Moreno to second
|
|
Batting: LHB David Seminario
|
0-0: Foul Ball, location: 2F 0-1: Ball 1-1: Foul Ball, location: 2F 1-2: Ball 2-2: Ball 3-2: Foul Ball, location: 2F 3-2: Foul Ball, location: 2F 3-2: Grounds into double play, 6-4-3 (Groundball, 6, EV 80.0 MPH)
|
| Top of the 8th over - 1 run, 2 hits, 0 errors, 2 left on base; Montgomery 7 - Corpus Christi 2 |
| BOTTOM OF THE 8TH |
|
Corpus Christi Hooks batting - Pitching for Montgomery Biscuits : RHP Joey Morrison
|
|
Batting: LHB Dylan LaRose
|
0-0: Called Strike 0-1: Ball 1-1: Swinging Strike 1-2: Strikes out swinging
|
|
Batting: RHB Pete Isley
|
0-0: Called Strike 0-1: Foul Ball, location: 2F 0-2: Strikes out swinging
|
|
Batting: LHB Alexis Montoya
|
0-0: Called Strike 0-1: Swinging Strike 0-2: Foul Ball, location: 2F 0-2: Strikes out swinging
|
| Bottom of the 8th over - 0 runs, 0 hits, 0 errors, 0 left on base; Montgomery 7 - Corpus Christi 2 |
| TOP OF THE 9TH |
|
Montgomery Biscuits batting - Pitching for Corpus Christi Hooks : RHP Joe Rivin
|
|
Batting: SHB Brett McEwen
|
0-0: Called Strike 0-1: Fly out, F7 (Line Drive, 7, EV 91.2 MPH)
|
|
Batting: SHB Willie Koviak
|
0-0: Ball 1-0: Ball 2-0: Ground out U3 (Groundball, 34, EV 108.8 MPH)
|
|
Batting: LHB Barnabé Metrass
|
0-0: Called Strike 0-1: Ball 1-1: Ball 2-1: Foul Ball, location: 2F 2-2: Ground out 6-3 (Groundball, 6, EV 81.9 MPH)
|
| Top of the 9th over - 0 runs, 0 hits, 0 errors, 0 left on base; Montgomery 7 - Corpus Christi 2 |
| BOTTOM OF THE 9TH |
|
Corpus Christi Hooks batting - Pitching for Montgomery Biscuits : RHP Joey Morrison
|
|
Batting: RHB Jim Huff
|
0-0: Ball 1-0: Ball 2-0: Called Strike 2-1: Ball 3-1: Fly out, F8 (Line Drive, 8RD, EV 97.5 MPH)
|
|
Batting: SHB Malik Whitted
|
0-0: Ball 1-0: Swinging Strike 1-1: Fly out, F8 (Line Drive, 8LD, EV 96.2 MPH)
|
|
Batting: RHB Jamie Jennings
|
0-0: Ball 1-0: Swinging Strike 1-1: Ball 2-1: Foul Ball, location: 2F 2-2: Strikes out swinging
|
| Bottom of the 9th over - 0 runs, 0 hits, 0 errors, 0 left on base; Montgomery 7 - Corpus Christi 2 |
|